 Dungeon Crawl Stone Soup version 0.27.0-1-g7a089689b8 (webtiles) character file.

Game seed: 6185409506884313492

7451 Froggeryz the Covert (level 11, 0/67 HPs)
             Began as an Octopode Berserker on Aug 2, 2021.
             Was an Elder of Trog.
             Slain by an eight-headed hydra (7 damage)
             ... on level 1 of the Lair of Beasts.
             The game lasted 00:10:38 (9545 turns).

Froggeryz the Covert (Octopode Berserker)           Turns: 9545, Time: 00:10:39

Health: 0/67       AC:  1    Str: 22    XL:     11   Next: 15%
Magic:  11/11      EV: 17    Int:  9    God:    Trog [****..]
Gold:   519        SH: 10    Dex: 16    Spells: 10/10 levels left

rFire    . . .     SeeInvis .   G - +1 short sword (venom)
rCold    + . .     Faith    .   r - +0 buckler
rNeg     + + .     Spirit   .   (helmet restricted)
rPois    .         Reflect  +   f - amulet of reflection
rElec    .         Harm     .   a - ring "Miowaff" {rC+ rN++ Slay+2}
rCorr    .         Rampage  .   A - +6 ring of strength
Will     ++...                  (no ring)
Stlth    ++++++....             (no ring)
HPRegen  1.21/turn              (no ring)
MPRegen  0.12/turn              (no ring)
                                (no ring)
                                (no ring)

@: about to teleport, strong-willed (expiring), on berserk cooldown,
regenerating (expiring), slowed, very slow
A: almost no armour, amphibious, 8 rings, camouflage 1, gelatinous body 1,
(nimble swimmer 1), tentacles
a: Renounce Religion, Berserk, Trog's Hand, Brothers in Arms


You were on level 1 of the Lair of Beasts.
You worshipped Trog.
Trog was greatly pleased with you.
You visited 2 branches of the dungeon, and saw 10 of its levels.

You collected 519 gold pieces.

Inventory:

Hand Weapons
 k - a +4 dagger
 G - a +1 short sword of venom (weapon)
Missiles
 h - a throwing net
 j - 8 boomerangs
 n - 42 poisoned darts (quivered)
 y - a curare-tipped dart
Armour
 r - a +0 buckler (worn)
Jewellery
 a - the ring "Miowaff" (left tentacle) {rC+ rN++ Slay+2}
   (You found it on level 9 of the Dungeon)

   [ring of protection from cold]

   Slay:      It affects your accuracy & damage with ranged weapons and melee
   (+2).
   rC:        It protects you from cold.
   rN:        It greatly protects you from negative energy.
 d - a ring of ice
 f - an amulet of reflection (around mantle)
 A - a +6 ring of strength (right tentacle)
Scrolls
 b - a scroll of noise {unknown}
 c - 6 scrolls of identify
 l - a scroll of blinking {unknown}
 o - a scroll of magic mapping
 q - a scroll of enchant armour {unknown}
 s - 2 scrolls of amnesia
 t - 2 scrolls of vulnerability {unknown}
 v - a scroll of immolation {unknown}
 x - a scroll of teleportation
 C - a scroll of torment {unknown}
 D - a scroll of silence {unknown}
 E - 2 scrolls of acquirement
Potions
 e - 3 potions of magic {unknown}
 g - 2 potions of mutation {unknown}
 i - a potion of degeneration {unknown}
 m - 2 potions of curing {unknown}
 p - 2 potions of brilliance {unknown}
 u - a potion of attraction {unknown}
 w - 2 potions of heal wounds {unknown}
 z - a potion of might {unknown}
 B - 2 potions of ambrosia {unknown}
 F - a potion of flight {unknown}


   Skills:
 - Level 3.0 Fighting
 - Level 10.5 Short Blades
 * Level 6.5 Throwing
 + Level 7.6 Dodging
 + Level 11.0 Stealth
 - Level 5.1 Shields


You had 10 spell levels left.
You didn't know any spells.
Your spell library was empty.

Dungeon Overview and Level Annotations

Branches:
Dungeon (9/15)             Temple (0/1) D:6            Lair (1/6) D:9
    Orc: D:9-12

Altars:
Gozag
Hepliaklqana
Nemelex Xobeh
Okawaru
Ru
Uskayaw
Vehumet
Xom
The Shining One


Innate Abilities, Weirdness & Mutations

You cannot wear most types of armour.
You are amphibious.
You can wear up to eight rings at the same time.
Your skin changes colour to match your surroundings (Stealth+).
Your rubbery body absorbs attacks. (AC +1, EV +1)
((You are camouflaged near water. (Stealth+)))
You have tentacles for arms and can constrict up to eight enemies at once.


Message History

The yak is severely wounded.
You puncture the yak!
You kill the yak!
Trog accepts your kill.
You feel a strong urge to attack something.
You are no longer berserk.
You are exhausted.
You feel yourself slow down.
This is a scroll of acquirement!
You see here a manual of Dodging.
Something appears before you!
As you read the scroll labelled XOECHAC VEAFF, it crumbles to dust.
It is a scroll of identify.
s - 2 scrolls of amnesia
As you read the scroll labelled YTYARE XIQO, it crumbles to dust.
You feel aware of your surroundings.
It was a scroll of magic mapping.
Okay, then.
You fail to use your ability.
The eight-headed hydra completely misses you.
You block the eight-headed hydra's attack. x2
The eight-headed hydra bites you! The eight-headed hydra bites you.
The eight-headed hydra closely misses you.
The eight-headed hydra completely misses you.
The eight-headed hydra misses you.
Okay, then.
As you read the scroll labelled PIWKYTO FASIVVE, it crumbles to dust.
You feel strangely unstable.
It was a scroll of teleportation.
You feel the effects of Trog's Hand fading.
The eight-headed hydra misses you. The eight-headed hydra bites you.
The eight-headed hydra closely misses you.
The eight-headed hydra bites you.
* * * LOW HITPOINT WARNING * * *
The eight-headed hydra bites you!
* * * LOW HITPOINT WARNING * * *
The eight-headed hydra misses you.
You block the eight-headed hydra's attack.
The eight-headed hydra closely misses you.
The eight-headed hydra barely misses you.
You block the eight-headed hydra's attack.
The eight-headed hydra bites you!
You die...

,,*,.....................###....#
,,,,...........#.#.##.##** #....#
,,*,............).....# #†...#
,,,,..................# #....#
,,*,..................## ###....#
,,*,...........######..###P......
,,**...P#.###.#######............
,,**#..*##*###.P.#.##........####
,,* #,,* #...D@............# ,,*
*,,****#.................#
,,***,,,...............##.##.#
,,,,,,,,.....###......######.#*
,***,,,#.###.**#......# #..*
,*,,,,,.,,,..,,#.....## *.##
,,*,,≈≈≈≈≈≈≈≈≈,#.....#* *,*
,,,,,≈***##*≈≈,.......** *,*
,,,,,≈* *≈≈≈,,,,,,,,,*****,*


You could see an eight-headed hydra.

Vanquished Creatures
  A two-headed ogre (D:9)
  A tengu warrior (D:9)
  A komodo dragon (Lair:1)
  A troll (D:9)
  3 slime creatures (D:8)
  4 blink frogs (Lair:1)
  A basilisk (Lair:1)
  6 yaks
  A steam dragon (D:6)
  An acid dragon (D:8)
  4 water moccasins
  2 orc warriors
  2 ice beasts
  2 black bears
  5 ogres
  2 kobold brigands (D:7)
  3 scorpions (D:6)
  A wyvern skeleton (D:5)
  A water moccasin zombie (D:5)
  A water moccasin skeleton (D:4)
  6 killer bees (D:9)
  7 wights (D:8)
  2 howler monkeys (D:9)
  A bullfrog zombie (D:7)
  3 hounds
  A jelly (D:7)
  A gnoll shaman (D:8)
  3 orc priests
  A bullfrog skeleton (D:6)
  4 iguanas
  4 orc wizards
  A howler monkey zombie (D:8)
  9 gnolls
  2 adders
  25 orcs
  7 endoplasms
  2 giant cockroaches
  7 goblins
  5 hobgoblins
  2 jackals (D:4)
  4 quokkas
  8 ball pythons
  8 bats
  5 frilled lizards
  19 kobolds
  6 rats
186 creatures vanquished.

Vanquished Creatures (others)
  A fungus (Lair:1)
  A plant (D:1)
2 creatures vanquished.

Grand Total: 188 creatures vanquished

Notes
Turn   | Place    | Note
-------+----------+-------------------------------------------
     0 | D:1      | Froggeryz the Octopode Berserker began the quest for the
                  | Orb.
     0 | D:1      | Reached XP level 1. HP: 16/16 MP: 1/1
    32 | D:1      | Reached skill level 1 in Stealth
   123 | D:1      | Reached XP level 2. HP: 21/21 MP: 2/2
   137 | D:1      | Reached skill level 2 in Stealth
   571 | D:1      | Reached skill level 3 in Stealth
   574 | D:1      | Reached XP level 3. HP: 11/26 MP: 3/3
   785 | D:1      | Reached ** piety under Trog
   977 | D:1      | Found a faded altar of an unknown god.
  1340 | D:2      | Reached skill level 4 in Stealth
  2020 | D:3      | Reached XP level 4. HP: 31/31 MP: 4/4
  2751 | D:3      | Found an opulent altar of Gozag.
  3053 | D:4      | Reached *** piety under Trog
  3131 | D:4      | Reached skill level 5 in Stealth
  3134 | D:4      | Reached XP level 5. HP: 36/36 MP: 5/5
  3308 | D:4      | Reached skill level 6 in Stealth
  3617 | D:4      | Noticed a water moccasin
  3629 | D:4      | Killed a water moccasin
  3630 | D:4      | Reached skill level 7 in Stealth
  3630 | D:4      | Reached XP level 6. HP: 41/42 MP: 6/6
  3847 | D:4      | Found a glowing golden altar of the Shining One.
  4061 | D:4      | Found a hide-covered altar of Uskayaw.
  4173 | D:5      | Entered Level 5 of the Dungeon
  4276 | D:5      | Noticed an ice beast
  4288 | D:5      | Killed an ice beast
  4289 | D:5      | Reached skill level 5 in Short Blades
  4289 | D:5      | Reached skill level 8 in Stealth
  4289 | D:5      | Reached XP level 7. HP: 46/46 MP: 7/7
  4471 | D:5      | Reached skill level 1 in Shields
  4539 | D:5      | Reached skill level 9 in Stealth
  4762 | D:5      | Reached XP level 8. HP: 52/52 MP: 8/8
  5245 | D:6      | Found a radiant altar of Vehumet.
  5320 | D:6      | Reached **** piety under Trog
  5517 | D:6      | Found a staircase to the Ecumenical Temple.
  6210 | D:7      | Reached skill level 5 in Shields
  6261 | D:7      | Reached XP level 9. HP: 56/56 MP: 9/9
  7257 | D:8      | Reached skill level 5 in Dodging
  7584 | D:8      | Reached skill level 10 in Short Blades
  7695 | D:8      | Reached XP level 10. HP: 63/63 MP: 10/10
  7737 | D:8      | Reached skill level 1 in Throwing
  7743 | D:8      | Reached ***** piety under Trog
  8253 | D:9      | Found a sparkling altar of Nemelex Xobeh.
  8254 | D:9      | Found an iron altar of Okawaru.
  8254 | D:9      | Found a hazy altar of Hepliaklqana.
  8261 | D:9      | Found a sacrificial altar of Ru.
  8746 | D:9      | Found a staircase to the Lair.
  8963 | D:9      | Noticed a tengu warrior
  8972 | D:9      | Killed a tengu warrior
  8974 | D:9      | Identified the ring "Miowaff" {rC+ rN++ Slay+2}
  9052 | D:9      | Reached skill level 10 in Stealth
  9095 | D:9      | Noticed a two-headed ogre
  9098 | D:9      | Killed a two-headed ogre
  9099 | D:9      | Reached skill level 5 in Throwing
  9280 | Lair:1   | Entered Level 1 of the Lair of Beasts
  9296 | Lair:1   | Found a shimmering altar of Xom.
  9341 | Lair:1   | Reached XP level 11. HP: 67/67 MP: 11/11
  9530 | Lair:1   | Reached skill level 11 in Stealth
  9530 | Lair:1   | Noticed an eight-headed hydra
  9541 | Lair:1   | Identified 3 scrolls of acquirement
  9541 | Lair:1   | Acquired a manual of Dodging
  9545 | Lair:1   | Slain by an eight-headed hydra

Illustrated notes

Levels and vault maps discovered:
D:1:      psy_arrival_terrarium, layout_basic, serial_bayou,
          serial_bayou_lagoon_b, serial_bayou_shore_b, serial_bayou_pond_e,
          serial_bayou_pond_c, shapermc_ecumenical_altar_mp_ritualfount
D:2:      layout_basic, corner_web_ring
D:3:      layout_loops_cross, grunt_gozag_breadcrumbs
D:4:      layout_loops_ring, lemuel_coloured_pillars_altar,
          nicolae_tso_carved_into_rock
D:5:      layout_basic
D:6:      layout_rooms, vehumet_crystals, minmay_temple_entry_offerings
D:7:      layout_cave_pools
D:8:      layout_rooms
D:9:      layout_loops_ring, chequers_temple_overflow_statue_of_worship,
          lair_entry_dummy, minmay_misc_feat_cross, small_chamber_with_monster
Lair:1:   layout_gridlike, basic_altar, chequers_serial_rivers_small_3

Skill      XL: |  1  2  3  4  5  6  7  8  9 10 11 |
---------------+----------------------------------+-----
Stealth        | 1 3 4 5 7 8 9 10 11 | 11.0
Short Blades   | 4 5 6 8 10 | 10.5
Shields        | 2 5 |  5.1
Dodging        | 5 7 |  7.6
Throwing       | 5 6 |  6.5
Fighting       | |  3.0

Action                   |  1- 3 |  4- 6 |  7- 9 | 10-12 || total
-------------------------+-------+-------+-------+-------++-------
Melee: Short sword       |    82 |    16 |       |   102 ||   200
       Constrict         |    13 |    17 |    23 |    23 ||    76
       Tentacles         |    10 |    10 |    57 |    38 ||   115
       Dagger            |       |    66 |   179 |    46 ||   291
Throw: Dart              |       |     2 |    23 |     4 ||    29
Invok: Berserk           |       |     5 |    10 |     4 ||    19
       Trog's Hand       |       |     1 |     1 |     3 ||     5
  Use: Scroll            |       |       |       |     4 ||     4
 Stab: Sleeping          |    13 |    11 |    14 |     6 ||    44
Armor: Skin              |     7 |       |     1 |     2 ||    10
Dodge: Dodged            |    45 |    34 |    52 |    43 ||   174
Block: Other             |       |     6 |    12 |       ||    18
       Buckler           |       |       |    19 |    42 ||    61
       Reflection        |       |       |     6 |       ||     6
